 Dungeon Crawl Stone Soup version 0.27.0-1-g7a089689b8 (webtiles) character file.

Game seed: 396148122335014227

135 dolemite99 the Poker (level 4, -1/33 HPs)
             Began as a Demonspawn Gladiator on Aug 2, 2021.
             Was a Follower of Makhleb.
             Succumbed to a gnoll's poison
             ... on level 2 of the Dungeon.
             The game lasted 00:02:13 (2118 turns).

dolemite99 the Poker (Demonspawn Gladiator)         Turns: 2118, Time: 00:02:13

Health: -1/33      AC:  8    Str: 15    XL:     4   Next: 96%
Magic:  4/4        EV: 10    Int: 12    God:    Makhleb [*.....]
Gold:   122        SH:  0    Dex: 14    Spells: 3/3 levels left

rFire    . . .     SeeInvis .   a - +0 trident
rCold    . . .     Faith    .   (no shield)
rNeg     . . .     Spirit   .   f - +0 scale mail
rPois    .         Reflect  .   c - +0 helmet
rElec    .         Harm     .   (no cloak)
rCorr    .         Rampage  .   m - +0 pair of gloves
Will     .....                  (no boots)
Stlth    ..........             (no amulet)
HPRegen  0.11/turn              (no ring)
MPRegen  0.09/turn              (no ring)

@: mighty, lethally poisoned (-1 -> -13)
A: talons 1, demonic guardian 1, big brain 1
a: Renounce Religion


You were on level 2 of the Dungeon.
You worshipped Makhleb.
Makhleb was aware of your devotion.
You visited 1 branch of the dungeon, and saw 2 of its levels.

You collected 122 gold pieces.

Inventory:

Hand Weapons
 a - a +0 trident (weapon)
Missiles
 d - 3 throwing nets
 g - 28 sling bullets
 i - 51 arrows
 p - 8 javelins (quivered)
 q - 9 poisoned darts
 r - 49 stones
Armour
 b - a +0 leather armour
 c - a +0 helmet (worn)
 f - a +0 scale mail (worn)
 m - a +0 pair of gloves (worn)
Jewellery
 o - a +6 ring of intelligence
 t - a ring of willpower
Scrolls
 k - a scroll of fog {unknown}
 l - a scroll of teleportation {unknown}
 n - a scroll of identify {unknown}
 s - a scroll of immolation {unknown}
Potions
 e - 2 potions of curing {unknown}
 h - a potion of heal wounds {unknown}
 j - a potion of might


   Skills:
 - Level 2.0 Fighting
 + Level 5.2 Polearms
 - Level 1.7 Throwing
 - Level 2.6 Dodging


You had 3 spell levels left.
You didn't know any spells.
Your spell library was empty.

Dungeon Overview and Level Annotations

Branches:
Dungeon (2/15)

Altars:
Makhleb


Innate Abilities, Weirdness & Mutations

You have sharp toenails.
A weak demonic guardian rushes to your aid.
You have an unusually large brain. (Int +2)


Message History

You hit the gnoll. You claw the gnoll.
The gnoll is heavily wounded.
The gnoll hits you with a +0 club.
You hit the gnoll.
The gnoll is severely wounded.
The gnoll hits you but does no damage.
You hit the gnoll.
You kill the gnoll!
Makhleb accepts your kill.
You feel better.
You hit the gnoll.
The gnoll is moderately wounded.
The gnoll closely misses you.
The gnoll hits you with a +0 whip of electrocution.
You hit the gnoll. You claw the gnoll.
You kill the gnoll!
Makhleb accepts your kill. The gnoll hits you but does no damage.
You are poisoned.
You reach to attack!
You puncture the gnoll!
The gnoll is severely wounded.
You feel very sick. The gnoll closely misses you.
You feel sick.
You reach to attack!
You barely miss the gnoll.
The gnoll is severely wounded.
You feel sick.
The gnoll hits you from afar with a +2 halberd of venom!
A demonic guardian appears!
You are lethally poisoned!
* * * LOW HITPOINT WARNING * * *
You feel very sick.
* * * LOW HITPOINT WARNING * * *
You feel very sick.
Your iron imp hits the gnoll.
* * * LOW HITPOINT WARNING * * *
You feel very sick.
It was a potion of might.
You feel very mighty all of a sudden.
You die...

#.##.#.....#......#......##.#
#.##)##.....................[
#.##.##..##.##.#..##.....###.
#.##.##........#..###...## #.
#........##.##.#..####.#####.
####.##.###.#.....##......... #
#.##.# #..........#.#####. ##
#.##.#####.....####.# #.
.#######...)5g..@..#.<####.#####.
........###.########.............
.######.# #.# ##.####....... ##
#g# #.#########.# #.###### #
####.# #...........# #.# # #....#
#.########### #.# # #.#### #.#
#.# # #.# #.# #.# # #g# #.# #.# #


You could see a gnoll (ally target) and a friendly iron imp (summoned).

Vanquished Creatures
  Jessica (D:2)
  3 gnolls (D:2)
  3 adders (D:2)
  2 dart slugs (D:1)
  2 ball pythons
  3 endoplasms (D:1)
  A giant cockroach (D:1)
  4 goblins (D:1)
  5 hobgoblins
  7 jackals (D:2)
  4 kobolds
  2 quokkas (D:1)
  5 bats (D:1)
  3 frilled lizards
  A rat (D:1)
46 creatures vanquished.

Notes
Turn   | Place    | Note
-------+----------+-------------------------------------------
     0 | D:1      | dolemite99 the Demonspawn Gladiator began the quest for the
                  | Orb.
     0 | D:1      | Reached XP level 1. HP: 16/16 MP: 1/1
   194 | D:1      | Reached skill level 3 in Polearms
   201 | D:1      | Gained mutation: A weak demonic guardian rushes to your
                  | aid. [demonic ancestry]
   201 | D:1      | Reached XP level 2. HP: 22/22 MP: 2/2
   655 | D:1      | Gained mutation: You have an unusually large brain. (Int
                  | +2) [demonic ancestry]
   655 | D:1      | Reached XP level 3. HP: 26/27 MP: 3/3
   944 | D:1      | Found a faded altar of an unknown god.
  1044 | D:1      | Became a worshipper of Makhleb the Destroyer
  1044 | D:1      | Reached * piety under Makhleb
  1120 | D:2      | Reached skill level 4 in Polearms
  1377 | D:2      | Gained mutation: You have sharp toenails. [demonic
                  | ancestry]
  1377 | D:2      | Reached XP level 4. HP: 33/33 MP: 4/4
  1547 | D:2      | Noticed Jessica
  1553 | D:2      | Killed Jessica
  1990 | D:2      | Reached skill level 5 in Polearms
  2118 | D:2      | Succumbed to a gnoll's poison

Illustrated notes

Levels and vault maps discovered:
D:1:      dpeg_arrival_tiny_g, layout_basic, ebering_ecumenical_altar_abandoned,
          grunt_decor_mini_mirrors, minmay_misc_feat_cross, minmay_hedge_maze,
          serial_bayou_pond_e
D:2:      layout_loops_ring, uniq_jessica

Skill      XL: |  1  2  3  4 |
---------------+-------------+-----
Polearms       | 3 4 5 |  5.2
Fighting       | |  2.0
Throwing       | |  1.7
Dodging        | |  2.6

Action                   |  1- 3 |  4- 6 || total
-------------------------+-------+-------++-------
Melee: Trident           |   128 |    38 ||   166
       Kick              |       |     8 ||     8
Throw: Javelin           |     2 |     6 ||     8
  Use: Potion            |       |     1 ||     1
Armor: Scale mail        |    51 |    18 ||    69
Dodge: Dodged            |   102 |    19 ||   121
